 Dungeon Crawl Stone Soup version 0.27-a0-797-g27d10ad80f (webtiles) character file.

Game seed: 16279115493282035554

94 dickylongcocking the Magician (level 4, 0/31 HPs)
             Began as a Djinni Necromancer on Mar 27, 2021.
             Slain by a gnoll
             ... wielding a +0 flail
              (11 damage)
             ... on level 2 of the Dungeon.
             The game lasted 00:01:57 (3942 turns).

dickylongcocking the Magician (Djinni Necromancer)  Turns: 3942, Time: 00:01:57

Health: 0/31       AC:  2    Str:  7    XL:     4   Next: 63%
Gold:   101        EV: 12    Int: 18    God:
                   SH:  0    Dex: 13

rFire    + + .     SeeInvis .   (no weapon)
rCold    x . .     Faith    .   (no shield)
rNeg     . . .     Spirit   .   a - +0 robe
rPois    ∞         Reflect  .   (no helmet)
rElec    .         Harm     .   (no cloak)
rCorr    .         Rampage  .   (no gloves)
Will     .....                  (boots unavailable)
Stlth    ++........             (no amulet)
HPRegen  0.10/turn              (no ring)
MPRegen  0.00/turn              (no ring)

@: flying
A: fire resistance 2, cold vulnerability 1, float, innate caster, hp casting,
extra vitality 1
a: no special abilities


You were on level 2 of the Dungeon.
You visited 1 branch of the dungeon, and saw 2 of its levels.

You collected 101 gold pieces.

Inventory:

Armour
 a - a +0 robe (worn)
Jewellery
 f - a ring of ice
Wands
 g - a wand of acid (7)
Scrolls
 b - a scroll of amnesia {unknown}
 d - a scroll of enchant weapon {unknown}
 e - a scroll of immolation {unknown}
Potions
 c - 2 potions of might {unknown}


   Skills:
 - Level 2.1 Dodging
 - Level 1.5 Stealth
 * Level 5.1 Spellcasting


You couldn't memorise any spells.
You knew the following spells:

 Your Spells              Type           Power      Damage    Failure   Level
a - Pain                  Necr           92%        1d8       1%          1
b - Animate Skeleton      Necr           46%        N/A       1%          1
c - Shock                 Conj/Air       92%        1d8       1%          1
d - Animate Dead          Necr           11%        N/A       16%         4
e - Agony                 Necr           23%        N/A       41%         5
x - Vampiric Draining     Necr           11%        2d7       4%          3
Your spell library was empty.

Dungeon Overview and Level Annotations

Branches:
Dungeon (2/15)

Altars:
Kikubaaqudgha
Sif Muna
Vehumet


Innate Abilities, Weirdness & Mutations

You are immune to poison.
Your flesh is very heat resistant. (rF++)
You are vulnerable to cold. (rC-)
You float through the air rather than walking.
You learn spells naturally, not from books.
Your magical power is your life essence.
You have superior vitality. (+4 HP)


Message History

Confirm with . or Enter, or press ? or * to list all spells.
Aiming: Pain (safe; 1% risk of failure)
Press: ? - help, Shift-Dir - straight line, f - gnoll
Aim: a gnoll, wielding a +0 club (chance to affect: 87%)
The gnoll writhes in agony!
Casting: Pain (safe; 1% risk of failure)
Confirm with . or Enter, or press ? or * to list all spells.
Aiming: Pain (safe; 1% risk of failure)
Press: ? - help, Shift-Dir - straight line, f/p - gnoll
Aim: a gnoll, wielding a +0 club (heavily wounded, chance to affect: 87%)
The gnoll writhes in agony.
You kill the gnoll!
The gnoll shouts!
Casting: Pain (safe; 1% risk of failure)
Confirm with . or Enter, or press ? or * to list all spells.
You can't see any susceptible monsters within range! (Use Z to cast anyway.) Unknown command.
Casting: Pain (safe; 1% risk of failure)
Confirm with . or Enter, or press ? or * to list all spells.
You can't see any susceptible monsters within range! (Use Z to cast anyway.) Unknown command.
Casting: Pain (safe; 1% risk of failure)
Confirm with . or Enter, or press ? or * to list all spells.
Aiming: Pain (safe; 1% risk of failure)
Press: ? - help, Shift-Dir - straight line, f - gnoll
Aim: a gnoll, wielding a +0 flail (chance to affect: 88%)
The gnoll writhes in agony.
Casting: Pain (safe; 1% risk of failure)
Confirm with . or Enter, or press ? or * to list all spells.
Aiming: Pain (safe; 1% risk of failure)
Press: ? - help, Shift-Dir - straight line, f/p - gnoll
Aim: a gnoll, wielding a +0 flail (lightly wounded, chance to affect: 88%)
The gnoll writhes in agony.
The gnoll hits you with a +0 flail!
Casting: Pain (safe; 1% risk of failure)
Confirm with . or Enter, or press ? or * to list all spells.
Aiming: Pain (safe; 1% risk of failure)
Press: ? - help, Shift-Dir - straight line, f/p - gnoll
Aim: a gnoll, wielding a +0 flail (moderately wounded, chance to affect: 88%)
The gnoll barely resists.
The gnoll hits you with a +0 flail!
You die...

...# #.# #..##.:.8# #...##. †..#
#.# #..##...### #...### ...# #.#
##'#.#†##8###...# # ...###.#
###.....#...##...### .......#
......[..⌠...._#....... .#####.#
######.##..#...######## .# #.#
#.###.##8######### .# #†#
#####g#8...####......# +#####.#
#....@##...8# #.)....# ..†.##.#
#.###.##._.####......# ....##.#
#.# #...####..'......# ....##.#
#.# #.### #.##......# '#####.#
#.# #..# #.##......#
.#####.#####.# #..# #.##......#
..........##.###..#####.##......#
.########.##.##....<....##......#
.# #.##.##......##.##......#


You could see a gnoll.

Vanquished Creatures
  2 gnolls (D:2)
  3 adders (D:2)
  3 worms (D:2)
  2 dart slugs
  3 ball pythons
  3 bats
  3 endoplasms
  2 giant cockroaches (D:1)
  3 goblins
  A hobgoblin (D:2)
  4 jackals (D:1)
  3 frilled lizards
  2 kobolds
  3 rats
37 creatures vanquished.

Vanquished Creatures (others)
  8 plants (D:2)
8 creatures vanquished.

Grand Total: 45 creatures vanquished

Notes
Turn   | Place    | Note
-------+----------+-------------------------------------------
     0 | D:1      | dickylongcocking the Djinni Necromancer began the quest for
                  | the Orb.
     0 | D:1      | Reached XP level 1. HP: 15/15 MP: 0/0
   392 | D:1      | Reached XP level 2. HP: 7/21 MP: 0/0
   394 | D:1      | Reached skill level 4 in Spellcasting
  1740 | D:2      | Reached XP level 3. HP: 20/25 MP: 0/0
  1740 | D:2      | Learned a level 1 spell: Shock
  2677 | D:2      | Reached XP level 4. HP: 19/31 MP: 0/0
  3005 | D:2      | Reached skill level 5 in Spellcasting
  3942 | D:2      | Slain by a gnoll

Illustrated notes

Levels and vault maps discovered:
D:1:      ncdulo_wetmaze, layout_basic
D:2:      cheibrodos_old_hovel, layout_basic,
          grunt_temple_overflow_magic_moments, minmay_tetromino_o4

Skill      XL: |  1  2  3  4 |
---------------+-------------+-----
Spellcasting   | 4 5 |  5.1
Dodging        | |  2.1
Stealth        | |  1.5

Action                   |  1- 3 |  4- 6 || total
-------------------------+-------+-------++-------
Melee: Unarmed           |     2 |       ||     2
 Cast: Pain              |    55 |    23 ||    78
       Vampiric Draining |     3 |     2 ||     5
Armor: Robe              |     1 |       ||     1
Dodge: Dodged            |     9 |     6 ||    15

Table legend: (Time is in decaauts)
 A = Elapsed time spent in this place.
 B = Non-inter-level travel time spent in this place.
 C = Inter-level travel time spent in this place.
 D = Time resting spent in this place.
 E = Time spent auto-exploring this place.
 F = Levels seen in this place.
 G = Mean time per level.
                   A        B        C        D        E       F      G
               +--------+--------+--------+--------+--------+-----+--------+
         Total |   3941 |   3900 |     41 |   1186 |   2509 |   2 | 1970.5 |
       Dungeon |   3941 |   3900 |     41 |   1186 |   2509 |   2 | 1970.5 |
               +--------+--------+--------+--------+--------+-----+--------+

Top non-repeatable levels by time:
     D:2: 2280 daAuts
     D:1: 1661 daAuts
